 Dungeon Crawl Stone Soup version 0.22-a0-283-g1871b15 (webtiles) character file.

26 4thArraOfDagon the Slasher (level 3, -1/27 HPs)
             Began as a Formicid Warper on Mar 18, 2018.
             Slain by a hobgoblin
             ... wielding a +0 mace
              (4 damage)
             ... on level 2 of the Dungeon.
             The game lasted 00:01:16 (383 turns).

4thArraOfDagon the Slasher (Formicid Warper)         Turns: 383, Time: 00:01:16

Health: -1/27      AC:  3    Str: 15    XL:     3   Next: 22%
Magic:  6/6        EV: 11    Int: 13    God:
Gold:   47         SH:  0    Dex: 10    Spells: 6/6 levels left

rFire    . . .     SeeInvis +   a - +0 falchion
rCold    . . .     Gourm    .   (no shield)
rNeg     . . .     Faith    .   b - +0 leather armour
rPois    .         Spirit   .   (helmet unavailable)
rElec    .         Reflect  .   (no cloak)
rCorr    .         Harm     .   (no gloves)
MR       .....                  (no boots)
Stlth    +.........             (no amulet)
HPRegen  0.09/turn              (no ring)
MPRegen  0.10/turn              (no ring)

@: no status effects
A: permanent stasis, dig shafts and tunnels, four strong arms, antennae 3, wild
magic 1, evolution 1
a: Dig, Shaft Self


You were on level 2 of the Dungeon.
You were not hungry.

You visited 1 branch of the dungeon, and saw 2 of its levels.

You collected 47 gold pieces.

Inventory:

Hand Weapons
 a - a +0 falchion (weapon)
Missiles
 e - 5 tomahawks of dispersal (quivered)
Armour
 b - a +0 leather armour (worn)
Scrolls
 d - a scroll of blinking
 h - a scroll of immolation {unknown}
Potions
 c - a potion of mutation
Comestibles
 f - 3 rations


   Skills:
 - Level 2.1 Fighting
 * Level 3.4 Long Blades
 - Level 1.0 Throwing
 - Level 1.1 Armour
 - Level 1.7 Dodging
 - Level 2.1 Spellcasting
   Level 2.6 Translocations


You had 6 spell levels left.
You didn't know any spells.

Dungeon Overview and Level Annotations

Branches:
Dungeon (1/15)

Altars:
Okawaru


Innate Abilities, Weirdness & Mutations

You cannot be hasted, slowed, berserked, paralysed or teleported.
You can dig through walls and to a lower floor.
Your four strong arms can wield two-handed weapons with a shield.
You have a pair of large antennae on your head. (SInv)
Your spells are a little harder to cast, but a little more powerful.
You evolve.


Message History

The hobgoblin closely misses you.
You hit the hobgoblin but do no damage.
The hobgoblin is heavily wounded.
The hobgoblin hits you with a mace.
* * * LOW HITPOINT WARNING * * *
You barely miss the hobgoblin.
The hobgoblin is heavily wounded.
The hobgoblin closely misses you.
You barely miss the hobgoblin.
The hobgoblin is heavily wounded.
The hobgoblin hits you with a mace.
* * * LOW HITPOINT WARNING * * *
You barely miss the hobgoblin.
The hobgoblin is heavily wounded.
The hobgoblin barely misses you.
You hit the hobgoblin.
The hobgoblin is almost dead.
The hobgoblin is no longer unusually agile.
The hobgoblin hits you with a mace.
You die...

.....................
.#...............##.
. ######....#...###
.. #....#....###.>
#....#.##......
##....#.#...#...
#(.........###...
#g.(.............
#@##.....#.).).#.
#>####.g##.._..# #.#
#...#.){).# .(.
.........{...
####........###K..
#..##.#...# ...
#g.##.#>... #. .. ##


You could see a hobgoblin.

Vanquished Creatures
  A dart slug (D:2)
  2 leopard geckos (D:1)
  A giant cockroach (D:1)
  4 hobgoblins (D:2)
  2 ball pythons (D:2)
  3 bats
  2 frilled lizards
  4 kobolds
  3 rats (D:1)
22 creatures vanquished.

Notes
Turn   | Place    | Note
-------+----------+-------------------------------------------
     0 | D:1      | 4thArraOfDagon the Formicid Warper began the quest for the Orb.
     0 | D:1      | Reached XP level 1. HP: 16/16 MP: 3/3
    35 | D:1      | Reached XP level 2. HP: 16/22 MP: 5/5
    97 | D:1      | You fall through a shaft!
   113 | D:2      | Reached skill level 3 in Long Blades
   323 | D:2      | Reached XP level 3. HP: 15/27 MP: 6/6
   347 | D:2      | Found an iron altar of Okawaru.
   372 | D:2      | Gained mutation: You evolve. [potion of mutation]
   372 | D:2      | Gained mutation: Your spells are a little harder to cast, but a little more powerful. [potion of mutation]
   383 | D:2      | Slain by a hobgoblin

Vault maps used:
D:1:      scummos_arrival_hexagon
D:2:      first_ration, okawaru_ov_weapons_minmay, uniq_natasha

Skill      XL: |  1  2 |
---------------+-------+-----
Long Blades    | 3 |  3.4
Fighting       | |  2.1
Throwing       | |  1.0
Armour         | |  1.1
Dodging        | |  1.7
Spellcasting   | |  2.1
Translocations | |  2.6

Action                   || total
-------------------------++-------
Melee: Falchion          ||    78
 Abil: Dig               ||     2
       Shaft Self        ||     1
  Use: Potion            ||     2
Armor: Leather armour    ||    24
Dodge: Dodged            ||    56
       Rpst.: Falchion   ||    17

Table legend:
 A = Spawn XP
 B = Non-spawn XP
 C = Spawn XP percentage of total XP
 D = Spawn monster count
 E = Non-spawn monster count
 F = Spawn count percentage of total count
 G = Total turns spent on level
                    A         B        C        D         E        F      G
               +---------+---------+-------+---------+---------+-------+---------
         Total |       0 |      38 |   0.0 |       0 |      22 |   0.0 |   383
               +---------+---------+-------+---------+---------+-------+---------
           D:1 |       0 |      17 |   0.0 |       0 |      11 |   0.0 |    97
           D:2 |       0 |      21 |   0.0 |       0 |      11 |   0.0 |   286
               +---------+---------+-------+---------+---------+-------+---------
